 Dungeon Crawl Stone Soup version 0.29-a0-384-g6960b1960d (webtiles) character file.

Game seed: 18234569512198160389

2936 zeratav the Destroyer (level 9, -2/48 HPs)
             Began as a Tengu Conjurer on May 7, 2022.
             Was a Follower of Vehumet.
             Killed from afar by an electric eel (10 damage)
             ... with a bolt of electricity
             ... on level 9 of the Dungeon.
             The game lasted 00:16:54 (10775 turns).

zeratav the Destroyer (Tengu Conjurer)             Turns: 10775, Time: 00:16:55

Health: -2/48      AC:  7    Str:  9    XL:     9   Next: 80%
Magic:  12/17      EV: 15    Int: 28    God:    Vehumet [*.....]
Gold:   297        SH:  0    Dex: 12    Spells: 11/18 levels left

rFire   + . .      SeeInvis .   y - +2 trident (vamp) {polearm}
rCold   . . .      Faith    +   (no shield)
rNeg    . . .      Spirit   .   R - +0 robe {rF+}
rPois   .          Reflect  .   (helmet restricted)
rElec   .          Harm     .   q - +2 cloak
rCorr   .          Rampage  .   l - +1 pair of gloves
Will    +....                   (boots unavailable)
Stlth   ++........              A - amulet of faith {!P}
HPRegen 0.16/turn               V - +6 ring of intelligence
MPRegen 0.15/turn               k - ring of willpower

@: flying quickly and evasively, quick
A: beak, talons 3, nimble flight
a: Renounce Religion


You were on level 9 of the Dungeon.
You worshipped Vehumet.
Vehumet was aware of your devotion.
You visited 2 branches of the dungeon, and saw 10 of its levels.

You collected 297 gold pieces.


Innate Abilities, Weirdness & Mutations

You have a beak for a mouth.
You have claws for feet.
Your magical nature lets you fly swiftly and evasively.


   Skills:
 + Level 2.0 Fighting
 + Level 3.3 Dodging
 - Level 2.0 Stealth
 - Level 5.0 Spellcasting
 * Level 14.0 Conjurations
 - Level 3.2 Necromancy
 + Level 3.9 Translocations


You had 11 spell levels left.
You knew the following spells:

 Your Spells              Type           Power      Damage    Failure   Level
a - Magic Dart            Conj           100%       1d8       1%          1
b - Searing Ray           Conj           100%       2d8       1%          2
c - Iskenderun's Mystic   Conj/Tloc      55%        2d12      1%          4

Your spell library contained the following spells:

 Spells                   Type           Power      Damage    Failure   Level
 Sandblast                Erth           14%        2d6       7%          1
 Dazzling Flash           Conj/Hex       92%        N/A       1%          3
 Fulminant Prism          Conj/Hex       23%        3d13      3%          4
 Hailstorm                Conj/Ice       46%        3d11      3%          4
 Gell's Gravitas          Tloc           29%        N/A       4%          3
 Teleport Other           Tloc           29%        N/A       4%          3
 Vampiric Draining        Necr           25%        2d7       5%          3
 Freeze                   Ice            28%        1d5       7%          1
 Slow                     Hex            28%        N/A       7%          1
 Confusing Touch          Hex            7%         N/A       21%         3
 Frozen Ramparts          Ice            14%        1d3       21%         3
 Iron Shot                Conj/Erth      23%        9d5       50%         6
 Animate Armour           Summ/Erth      14%        N/A       54%         4
 Blade Hands              Tmut           3%         N/A       88%         5
 Dispersal                Tloc           14%        N/A       90%         6

Inventory:

Hand Weapons
 y - a +2 vampiric trident (weapon) {polearm}
   (You found it on level 5 of the Dungeon)
Armour
 l - a +1 pair of gloves (worn)
   (You found it on level 2 of the Dungeon)
 q - a +2 cloak (worn)
   (You found it on level 2 of the Dungeon)
 R - a +0 robe of fire resistance (worn)
   (You took it off an orc wizard on level 8 of the Dungeon)
 X - a +2 kite shield
   (You found it on level 8 of the Dungeon)
Jewellery
 k - a ring of willpower (right hand)
   (You found it on level 3 of the Dungeon)
 n - a ring of see invisible
   (You found it on level 2 of the Dungeon)
 t - a +6 ring of dexterity
   (You found it on level 6 of the Dungeon)
 A - an amulet of faith (around neck) {!P}
   (You found it on level 5 of the Dungeon)
 V - a +6 ring of intelligence (left hand)
   (You found it on level 8 of the Dungeon)
Scrolls
 e - 2 scrolls of vulnerability {!r!r}
 g - 4 scrolls of teleportation {@r4}
 h - 2 scrolls of amnesia
 i - 5 scrolls of enchant armour
 j - 4 scrolls of magic mapping {!r}
 r - 2 scrolls of fear
 u - a scroll of identify {@r1}
 w - a scroll of summoning
 x - a scroll of poison {!r}
 z - a scroll of acquirement {unknown}
 H - a scroll of blinking {unknown}
Potions
 b - 2 potions of magic
 c - 2 potions of lignification {!q}
 m - a potion of haste {unknown}
 o - 2 potions of resistance {unknown}
 p - a potion of mutation {unknown}
 s - 2 potions of heal wounds {unknown}
 v - a potion of curing {unknown}
 E - a potion of cancellation {unknown}

Dungeon Overview and Level Annotations

Branches:
Dungeon (9/15)             Temple (1/1) D:7
   Lair: D:8-11         Orc: D:9-12

Altars:
Ashenzari
Cheibriados
Dithmenos
Elyvilon
Fedhas
Gozag
Hepliaklqana
Makhleb
Nemelex Xobeh
Okawaru
Qazlal
Ru
Sif Muna
Trog
Uskayaw
Vehumet
Wu Jian
Xom
Yredelemnul
Zin
The Shining One

Shops:
D:5 (   D:6 * D:8

: #.# ... # #.# #... # #.#
... # ##.# ... # # #..##
#.# .# .# ##
#...#####.###.#..# .#
#....##..##.....### .###
##........@.........
...####...#######g..######
..........# .g♣.♣....
#.........# ≈≈≈≈≈S≈≈≈≈≈.
########..#.≈≈≈≈≈≈≈≈≈≈≈≈≈.
#..#♣.≈≈≈≈≈≈≈≈≈≈≈.♣
#..#♣♣....♣.♣....♣♣ ##.#
######.###### .#


You could see a gnoll shaman and an electric eel.


Message History

MP[+1]
You now have 48 max hp (+1).
You see here a yak corpse.
HP[+1] MP[+1] HP[+1]
There is a stone staircase leading down here.
You start resting.
HP[+14] MP[+14]
You regained 14 hp, and now have 34/48 hp.
Your mp is fully restored (17).
Unknown command.
You start resting.
HP[+14]
Your hp is fully restored (48).
You fly downwards.
The yak gores you.
There is a stone staircase leading up here.
Items here: ) [[[[[[[[[[[[[[[[[[[[.
HP[-5]
You take 5 damage, and now have 43/48 hp.
Casting: Searing Ray (safe; 1% risk of failure)
Confirm with . or Enter, or press ? or * to list all spells.
You erupt in a blast of force!
The mystic blast hits the yak!
The yak is knocked back by the mystic blast.
MP[-4]
You lost 4 mp, and now have 13/17 mp.
Casting: Iskenderun's Mystic Blast (dangerous; 1% risk of failure)
Confirm with . or Enter, or press ? or * to list all spells.
You erupt in a blast of force!
The mystic blast hits the yak!
The yak is knocked back by the mystic blast.
MP[-4]
You lost 4 mp, and now have 9/17 mp.
Casting: Iskenderun's Mystic Blast (dangerous; 1% risk of failure)
Confirm with . or Enter, or press ? or * to list all spells.
Aiming: Searing Ray (safe; 1% risk of failure)
Press: ? - help, Shift-Dir - straight line, f - yak
Aim: a yak (heavily wounded, 90% to hit)
The searing ray hits the yak! (Press . to maintain the ray.) MP[-2]
You lost 2 mp, and now have 7/17 mp.
The searing ray hits the yak!
You kill the yak!
Vehumet accepts your kill.
Your Fighting skill increases to level 2!
Your Conjurations skill increases to level 14!
HP[+1] MP[-1]
You lost 1 mp, and now have 6/17 mp.
You see here a yak corpse.
Things that are here:
a +2 short sword of electrocution {short}; a kobold skeleton HP[+4] MP[+11]
Your hp is fully restored (48).
Your mp is fully restored (17).
Things that are here:
2 poisoned darts {throwing}; a +0 whip {mace}; a kobold skeleton
Found a stone staircase leading down.
There is a stone staircase leading down here.
s - 2 smoky coppery potions (gained 1)
An electric eel comes into view.
A gnoll shaman comes into view. It is wielding a +0 club.
Casting: Searing Ray (safe; 1% risk of failure)
Confirm with . or Enter, or press ? or * to list all spells.
Aiming: Searing Ray (safe; 1% risk of failure)
Press: ? - help, Shift-Dir - straight line, f - electric eel
Aim: an electric eel (72% to hit)
The searing ray hits the electric eel! (Press . to maintain the ray.)
The electric eel shoots out a bolt of lightning at you!
The bolt of electricity misses you.
MP[-2]
You lost 2 mp, and now have 15/17 mp.
The searing ray hits the electric eel!
A gnoll sergeant comes into view. It is wielding a +0 trident.
MP[-1]
You lost 1 mp, and now have 14/17 mp.
The searing ray misses the electric eel.
The searing ray hits the gnoll shaman.
The gnoll sergeant shouts!
The electric eel shoots out a bolt of lightning at you!
The bolt of electricity misses you. The bolt of electricity hits you.
HP[-5] MP[-1]
You take 5 damage, and now have 43/48 hp.
You lost 1 mp, and now have 13/17 mp.
The searing ray misses the electric eel.
You finish channelling your searing ray.
The electric eel shoots out a bolt of lightning at you!
The bolt of electricity hits you! x2
The gnoll sergeant hits you from afar with a +0 trident!
* * * LOW HITPOINT WARNING * * *
HP[-31] MP[-1]
You take 31 damage, and now have 12/48 hp.
MASSIVE DAMAGE!! (PAUSE)
You lost 1 mp, and now have 12/17 mp.
The gnoll sergeant misses you.
The electric eel shoots out a bolt of lightning at you!
The bolt of electricity hits the gnoll shaman!
The bolt of electricity hits you.
* * * LOW HITPOINT WARNING * * *
The bolt of electricity hits you!
You die...

Skill      XL: |  1  2  3  4  5  6  7  8  9 |
---------------+----------------------------+-----
Conjurations   | 6 7 8 9 10 12 14 | 14.0
Spellcasting   | 3 4 5 |  5.0
Necromancy     | 2 3 |  3.2
Translocations | 2 3 |  3.9
Fighting       | 2 |  2.0
Dodging        | 3 |  3.3
Stealth        | |  2.0

Action                   |  1- 3 |  4- 6 |  7- 9 || total
-------------------------+-------+-------+-------++-------
Melee: Dagger            |     8 |       |       ||     8
       Peck              |     2 |       |     3 ||     5
       Trident           |       |       |     7 ||     7
       Kick              |       |       |     1 ||     1
 Cast: Magic Dart        |    74 |   100 |   127 ||   301
       Searing Ray       |     1 |     6 |    46 ||    53
       Iskenderun's Myst |       |       |     5 ||     5
  Use: Scroll            |       |       |    11 ||    11
Armor: Robe              |     2 |     6 |    20 ||    28
Dodge: Dodged            |     5 |    20 |    46 ||    71

Levels and vault maps discovered:
D:1:      lordsloth_arrival_two_stooges, layout_basic,
          hellmonk_ecumenical_altar_inner_sanctum, minivault_11
D:2:      minmay_door_path, layout_basic, st_stairs_13
D:3:      layout_basic
D:4:      layout_basic, mainiacjoe_overflow_tiny_flanked
D:5:      layout_layer_cave, jmf_multi_god_temple2,
          gammafunk_temple_overflow_elements, serial_shops, nicolae_shop_trees,
          eino_tiny_chamber, amcnicky_mini_pool_small, uniq_grinder
D:6:      layout_basic, nicolae_shop_sticking_my_neck_out
D:7:      layout_loops_cross, marbit_many_paths, temple_doors_e,
          nrook_pool_corridor, serial_bayou_ford_a, uniq_duvessa
D:8:      layout_basic, serial_shops, shop
D:9:      nzn_winding_woodlands_small
          [nzn_winding_woodlands_5x15_river_crossing,
          nzn_winding_woodlands_center_lodge,
          nzn_winding_woodlands_5x15_zeroes], layout_layer_cave,
          minmay_lair_entry_lava
Temple:   nicolae_temple_elliptical

Notes
Turn   | Place    | Note
-------+----------+-------------------------------------------
     0 | D:1      | zeratav the Tengu Conjurer began the quest for the Orb.
     0 | D:1      | Reached XP level 1. HP: 10/10 MP: 4/4
     0 | D:1      | magus.rc [v1.9.6]
   205 | D:1      | Reached XP level 2. HP: 15/15 MP: 3/6
   585 | D:1      | Reached skill level 6 in Conjurations
   727 | D:1      | Reached XP level 3. HP: 16/19 MP: 0/7
   956 | D:1      | You add the spells Gell's Gravitas, Teleport Other and
                  | Dispersal to your library.
  1335 | D:1      | Found a faded altar of an unknown god.
  1755 | D:2      | Learned a level 2 spell: Searing Ray
  2211 | D:2      | Reached XP level 4. HP: 21/24 MP: 4/9
  2948 | D:3      | Reached skill level 7 in Conjurations
  3009 | D:3      | You pick up a book of Debilitation and begin reading...
  3009 | D:3      | You add the spells Slow, Vampiric Draining and Confusing
                  | Touch to your library.
  3188 | D:3      | Reached skill level 3 in Spellcasting
  3315 | D:3      | Gained mutation: Your magical nature lets you fly swiftly
                  | and evasively. [Tengu growth]
  3315 | D:3      | Reached XP level 5. HP: 28/28 MP: 1/10
  4104 | D:4      | Noticed a black bear
  4202 | D:4      | Killed a black bear
  4203 | D:4      | Reached skill level 8 in Conjurations
  4203 | D:4      | Reached XP level 6. HP: 21/32 MP: 6/12
  4693 | D:4      | Reached skill level 4 in Spellcasting
  4693 | D:4      | Reached skill level 9 in Conjurations
  4917 | D:4      | Found a glowing golden altar of the Shining One.
  5058 | D:4      | Reached XP level 7. HP: 28/36 MP: 5/14
  5549 | D:5      | Entered Level 5 of the Dungeon
  5639 | D:5      | Reached skill level 1 in Necromancy
  5702 | D:5      | Reached skill level 10 in Conjurations
  5702 | D:5      | Reached skill level 2 in Necromancy
  5937 | D:5      | Reached XP level 8. HP: 41/41 MP: 8/16
  5996 | D:5      | Found a large runed translucent door.
  6037 | D:5      | Found a large runed translucent door.
  6091 | D:5      | Noticed Grinder
  6100 | D:5      | Killed Grinder
  6101 | D:5      | Reached skill level 5 in Spellcasting
  6101 | D:5      | Reached skill level 3 in Necromancy
  6481 | D:5      | Found an opulent altar of Gozag.
  6481 | D:5      | Found a blossoming altar of Fedhas.
  6511 | D:5      | Found Yhyid's Weapon Shoppe.
  6552 | D:5      | You pick up a book of Iron and begin reading...
  6552 | D:5      | You add the spells Animate Armour, Blade Hands and Iron
                  | Shot to your library.
  6630 | D:5      | Reached skill level 11 in Conjurations
  7087 | D:5      | Reached skill level 1 in Translocations
  7382 | D:5      | Found a sparkling altar of Nemelex Xobeh.
  7385 | D:5      | Found a hazy altar of Hepliaklqana.
  7751 | D:6      | Found Katear's Neck Hole.
  7766 | D:6      | Reached skill level 12 in Conjurations
  7766 | D:6      | Reached skill level 2 in Translocations
  7879 | D:6      | You pick up a book of Frost and begin reading...
  7879 | D:6      | You add the spells Freeze, Frozen Ramparts and Hailstorm to
                  | your library.
  8125 | D:6      | Reached XP level 9. HP: 38/45 MP: 6/17
  8619 | D:7      | Found a staircase to the Ecumenical Temple.
  8624 | Temple   | Entered the Ecumenical Temple
  8786 | Temple   | Became a worshipper of Vehumet
  8824 | D:7      | Noticed a hornet
  8841 | D:8      | HP: 11/45 [orc warrior/+0 dire flail (20)]
  8848 | D:8      | Reached skill level 13 in Conjurations
  8848 | D:8      | Reached skill level 3 in Translocations
  9466 | D:8      | Learned a level 4 spell: Iskenderun's Mystic Blast
  9611 | D:8      | Found Fufaulai's Book Shop.
  9628 | D:8      | Noticed a hornet
  9923 | D:8      | Reached * piety under Vehumet
  9923 | D:8      | Offered knowledge of Sandblast by Vehumet.
 10182 | D:8      | Killed a hornet
 10183 | D:8      | Reached skill level 1 in Fighting
 10380 | D:9      | Reached skill level 3 in Dodging
 10607 | D:9      | Reached skill level 2 in Fighting
 10607 | D:9      | Reached skill level 14 in Conjurations
 10773 | D:9      | HP: 12/48 [gnoll sergeant/+0 trident (14)]
 10775 | D:9      | Killed from afar by an electric eel

Vanquished Creatures
  A hornet (D:8)
  Grinder (D:5)
  2 yaks
  A water moccasin (D:8)
  An orc warrior (D:8)
  3 black bears
  3 ice beasts
  3 ogres (D:5)
  A centaur (D:8)
  3 phantoms
  A kobold brigand (D:9)
  A bullfrog (D:7)
  A gnoll sergeant (D:6)
  A howler monkey (D:6)
  4 hounds
  2 jellies
  3 orc priests
  2 orc wizards
  4 iguanas
  8 adders
  9 gnolls
  A white imp (D:6)
  3 ufetubi
  A worm (D:2)
  2 dart slugs
  25 orcs
  9 ball pythons
  3 bats
  11 endoplasms
  2 giant cockroaches (D:1)
  6 goblins
  4 hobgoblins
  A quokka (D:4)
  4 frilled lizards
  8 kobolds
  5 rats
140 creatures vanquished.

Vanquished Creatures (others)
  An orc wizard (D:8)
1 creature vanquished.

Grand Total: 141 creatures vanquished

Table legend:
 A = Non-vault XP
 B = Vault XP
 C = Vault XP percentage of total XP
 D = Non-vault monster count
 E = Vault monster count
 F = Vault count percentage of total count
                 A         B        C        D         E       F
            +---------+---------+-------+---------+---------+-------
      Total |    3458 |     737 |  17.6 |     131 |      10 |   7.1
            +---------+---------+-------+---------+---------+-------
        D:1 |      41 |       0 |   0.0 |      23 |       0 |   0.0
        D:2 |      46 |      10 |  17.9 |      16 |       5 |  23.8
        D:3 |     105 |       0 |   0.0 |      12 |       0 |   0.0
        D:4 |     438 |       0 |   0.0 |      21 |       0 |   0.0
        D:5 |     874 |     331 |  27.5 |      12 |       3 |  20.0
        D:6 |     775 |       0 |   0.0 |      20 |       0 |   0.0
        D:7 |      90 |       0 |   0.0 |       1 |       0 |   0.0
        D:8 |     986 |     209 |  17.5 |      23 |       1 |   4.2
        D:9 |     103 |     187 |  64.5 |       3 |       1 |  25.0
            +---------+---------+-------+---------+---------+-------

Illustrated notes

Table legend:
 A = Kills in this place as a percentage of kills in entire the game.
 B = Kills by you in this place as a percentage of kills by you in the entire game.
 C = Kills by friends in this place as a percentage of kills by friends in the entire game.
 D = Other kills in this place as a percentage of other kills in the entire game.
 E = Experience gained in this place as a percentage of experience gained in the entire game.
 F = Experience gained in this place divided by the number of levels of this place that you have seen.
                   A       B       C       D       E      F
               +-------+-------+-------+-------+-------+----------------------
         Total | 100.0 | 100.0 |   N/A | 100.0 | 100.0 | 419.5
       Dungeon | 100.0 | 100.0 |   N/A | 100.0 | 100.0 | 466.1
               +-------+-------+-------+-------+-------+----------------------

Table legend: (Time is in decaauts)
 A = Elapsed time spent in this place.
 B = Non-inter-level travel time spent in this place.
 C = Inter-level travel time spent in this place.
 D = Time resting spent in this place.
 E = Time spent auto-exploring this place.
 F = Levels seen in this place.
 G = Mean time per level.
                   A        B        C        D        E       F      G
               +--------+--------+--------+--------+--------+-----+--------+
         Total |  10397 |  10081 |    316 |   1755 |   7261 |  10 | 1039.7 |
       Dungeon |  10239 |   9957 |    282 |   1755 |   7150 |   9 | 1137.7 |
        Temple |    158 |    125 |     33 |      0 |    111 |   1 |  158.0 |
               +--------+--------+--------+--------+--------+-----+--------+

Top non-repeatable levels by time:
     D:5: 1792 daAuts
     D:8: 1644 daAuts
     D:2: 1516 daAuts
     D:1: 1478 daAuts
     D:4: 1474 daAuts
     D:6: 1043 daAuts
     D:3: 954 daAuts
     D:9: 229 daAuts
  Temple: 158 daAuts
     D:7: 105 daAuts
